 Dungeon Crawl Stone Soup version 0.29.1-15-g9cfb28693d (webtiles) character file.

Game seed: 15149568593622180536

151 Peloso the Covered (level 5, -1/47 HPs)
             Began as a Minotaur Fighter on Mar 21, 2023.
             Slain by a water moccasin (5 damage)
             ... in a sewer.
             The game lasted 00:05:03 (2752 turns).

Peloso the Covered (Minotaur Fighter)               Turns: 2752, Time: 00:05:04

Health: -1/47      AC:  9    Str: 20    XL:     5   Next: 11%
Magic:  4/4        EV:  7    Int:  5    God:
Gold:   158        SH:  5    Dex: 12    Spells: 4/4 levels left

rFire   + . .      SeeInvis .   a - +1 long sword (venom)
rCold   + . .      Faith    .   d - +0 buckler
rNeg    . . .      Spirit   .   c - +0 chain mail
rPois   +          Reflect  .   (helmet restricted)
rElec   +          Harm     .   (no cloak)
rCorr   +          Rampage  .   (no gloves)
Will    .....                   (no boots)
Stlth   ..........              (no amulet)
HPRegen 0.15/turn               (no ring)
MPRegen 0.09/turn               (no ring)

@: lethally poisoned (-1 -> -21), resistant
A: horns 2, retaliatory headbutt
a: no special abilities


You were in a sewer.
You visited 1 branch of the dungeon, and saw 3 of its levels.
You also visited: Sewer.

You collected 158 gold pieces.

Inventory:

Hand Weapons
 a - a +1 long sword of venom (weapon)
 b - a +0 short sword of flaming
Armour
 c - a +0 chain mail (worn)
 d - a +0 buckler (worn)
Scrolls
 f - a scroll of enchant weapon
 j - a scroll of poison
 l - 2 scrolls of noise
Potions
 e - a potion of ambrosia
 g - 2 potions of might
 h - a potion of mutation
 i - a potion of resistance


   Skills:
 + Level 4.6 Fighting
 + Level 3.9 Long Blades
 + Level 4.8 Armour
 + Level 0.3 Dodging
 + Level 0.1 Stealth
 + Level 4.4 Shields


You had 4 spell levels left.
You didn't know any spells.
Your spell library contained the following spells:

 Spells                   Type           Power      Damage    Failure   Level
 Sting                    Tmut/Pois      0%         1d3       100%        1
 Poisonous Vapours        Pois/Air       0%         N/A       100%        2
 Olgreb's Toxic Radiance  Pois           0%         N/A       100%        4
 Alistair's Intoxication  Tmut/Pois      0%         N/A       100%        5
 Borgnjor's Vile Clutch   Necr/Erth      0%         N/A       100%        5
 Eringya's Noxious Bog    Tmut/Pois      0%         N/A       100%        6


Dungeon Overview and Level Annotations

Branches:
Dungeon (3/15)              Sewer (1/1)

Altars:


Innate Abilities, Weirdness & Mutations

You have a pair of horns on your head.
You reflexively headbutt those who attack you in melee.


Message History

The water moccasin bites you.
You are poisoned.
The water moccasin poisons you!
You feel very sick. The water moccasin barely misses you.
The water moccasin bites you but does no damage.
You barely miss the water moccasin.
You feel very sick.
The water moccasin bites you but does no damage.
You miss the water moccasin.
You feel sick. You block the water moccasin's attack.
The water moccasin bites you but does no damage.
You hit the water moccasin.
The water moccasin is poisoned.
The water moccasin is lightly wounded.
You feel sick. The water moccasin bites you.
You are more poisoned.
The water moccasin poisons you! The water moccasin bites you.
You hit the water moccasin.
Your headbutt misses the water moccasin.
The water moccasin is moderately wounded.
You feel very sick. The water moccasin barely misses you.
You furiously retaliate!
You headbutt the water moccasin, but do no damage.
The water moccasin completely misses you.
It was a potion of resistance.
You feel protected.
You feel sick. The water moccasin bites you.
You are lethally poisoned!
The water moccasin poisons you!
Unknown command.
Okay, then.
You miss the water moccasin.
Your headbutt misses the water moccasin.
The water moccasin is moderately wounded.
* * * LOW HITPOINT WARNING * * *
You feel extremely sick. The water moccasin bites you.
* * * LOW HITPOINT WARNING * * *
The water moccasin bites you.
You die...

#....~#
.~.~.##
#...#
#~.##
#.~.#
##~~# #.
#..# #..
#S.# #~~#
##@.# #.~.
#...#
#~~###..##
#...#.~.#
#.~~..##
#.....#
##.~~##
#...#
##.##


You could see a water moccasin (poisoned).

Vanquished Creatures
  4 gnolls
  4 adders (D:2)
  A river rat (D:3)
  A worm (D:3)
  6 bats
  An endoplasm (D:2)
  7 goblins
  8 hobgoblins
  5 jackals
  2 quokkas
  3 ball pythons
  5 frilled lizards
  4 kobolds
  21 rats
72 creatures vanquished.

Notes
Turn   | Place    | Note
-------+----------+-------------------------------------------
     0 | D:1      | Peloso the Minotaur Fighter began the quest for the Orb.
     0 | D:1      | Reached XP level 1. HP: 19/19 MP: 0/0
   186 | D:1      | Reached XP level 2. HP: 17/27 MP: 1/1
   918 | D:1      | Reached XP level 3. HP: 20/33 MP: 2/2
  1696 | D:2      | Reached XP level 4. HP: 33/41 MP: 3/3
  2636 | D:3      | Found a glowing drain.
  2641 | D:3      | Reached XP level 5. HP: 36/47 MP: 4/4
  2649 | Sewer    | Entered a sewer
  2741 | Sewer    | Noticed a water moccasin
  2752 | Sewer    | Slain by a water moccasin

Illustrated notes

Levels and vault maps discovered:
D:1:      wander_arrival_peaceful_grave, layout_loops_ring,
          chequers_serial_rivers_micro_b
D:2:      layout_basic, item_on_display_b
D:3:      corexii_shack_village, layout_loops_ring,
          cheibrodos_sewer_entry_sluice, hellmonk_ecumenical_altar_blasted,
          minmay_rat_hole, uniq_grinder
Sewer:    sewer_the_moccasin

Skill      XL: |  1  2  3 |
---------------+----------+-----
Armour         | 4 |  4.8
Fighting       | 4 |  4.6
Shields        | 4 |  4.4
Long Blades    | 3 |  3.9
Dodging        | |  0.3
Stealth        | |  0.1

Action                   |  1- 3 |  4- 6 || total
-------------------------+-------+-------++-------
Melee: Long sword        |    88 |    85 ||   173
       Headbutt          |    13 |     4 ||    17
  Use: Scroll            |     4 |     3 ||     7
       Potion            |     2 |     1 ||     3
Armor: Chain mail        |    76 |    63 ||   139
       Scale mail        |     4 |       ||     4
Dodge: Dodged            |    35 |    55 ||    90
Block: Buckler           |    13 |    32 ||    45
